 Dungeon Crawl Stone Soup version 0.28-a0-224-g76b539d98b (webtiles) character file.

Game seed: 8015730500293362479

0 Gargoyl the Skirmisher (level 1, 0/23 HPs)
             Began as a Gnoll Abyssal Knight on Aug 21, 2021.
             Was a Follower of Lugonu.
             Slain by a quasit (1 damage)
             ... on level 1 of the Abyss.
             The game lasted 00:00:10 (99 turns).

Gargoyl the Skirmisher (Gnoll Abyssal Knight)         Turns: 99, Time: 00:00:10

Health: 0/23       AC:  3    Str: 11      XL:     1   Next: 0%
Magic:  3/3        EV: 11    Int: 11      God:    Lugonu [*.....]
Gold:   0          SH:  0    Dex:  3 (11) Spells: 0/0 levels left

rFire   . . .      SeeInvis .   a - +1 hand axe
rCold   . . .      Faith    .   (no shield)
rNeg    . . .      Spirit   .   b - +0 leather armour
rPois   .          Reflect  .   (no helmet)
rElec   .          Harm     .   (no cloak)
rCorr   .          Rampage  .   (no gloves)
Will    .....                   (no boots)
Stlth   ..........              (no amulet)
HPRegen 0.07/turn               (no ring)
MPRegen 0.08/turn               (no ring)

@: no status effects
A: fangs 1, strong nose, distributed training, low mp 1
a: Renounce Religion, Depart the Abyss


You were on level 1 of the Abyss.
You worshipped Lugonu.
Lugonu was aware of your devotion.
You visited 0 branches of the dungeon, and saw 0 of its levels.
You visited the Abyss 1 time.

Inventory:

Hand Weapons
 a - a +1 hand axe (weapon)
Armour
 b - a +0 leather armour (worn)


   Skills:
 + Level 6.4 Fighting
 + Level 0.0 Short Blades
 + Level 0.0 Long Blades
 + Level 4.4 Axes
 + Level 0.0 Maces & Flails
 + Level 0.0 Polearms
 + Level 0.0 Staves
 + Level 0.0 Slings
 + Level 0.0 Bows
 + Level 0.0 Crossbows
 + Level 0.0 Throwing
 + Level 4.4 Armour
 + Level 2.3 Dodging
 + Level 0.0 Stealth
 + Level 0.0 Shields
 + Level 0.0 Unarmed Combat
 + Level 0.0 Spellcasting
 + Level 0.0 Conjurations
 + Level 0.0 Hexes
 + Level 0.0 Summonings
 + Level 0.0 Necromancy
 + Level 0.0 Translocations
 + Level 0.0 Transmutations
 + Level 0.0 Fire Magic
 + Level 0.0 Ice Magic
 + Level 0.0 Air Magic
 + Level 0.0 Earth Magic
 + Level 0.0 Poison Magic
 + Level 4.4 Invocations
 + Level 0.0 Evocations


You couldn't memorise any spells.
You didn't know any spells.
Your spell library was empty.

Dungeon Overview and Level Annotations

Branches:
Dungeon (0/15)

Altars:


Innate Abilities, Weirdness & Mutations

You have very sharp teeth.
Your uncanny sense of smell can sniff out nearby items.
Your experience applies equally to all skills.
Your magical capacity is low. (-10% MP)


Message History

The quasit is lightly wounded.
The quasit closely misses you. x4
The quasit claws you but does no damage. x2
You barely miss the quasit.
The quasit is lightly wounded.
You hit the lurking horror.
Your body is wracked with pain!
The quasit barely misses you. The quasit closely misses you.
The quasit claws you.
You feel clumsy.
You barely miss the quasit. Your bite misses the quasit.
The quasit is lightly wounded.
The quasit bites you.
* * * LOW HITPOINT WARNING * * *
You feel clumsy. The quasit completely misses you.
The quasit closely misses you. x2
The quasit claws you but does no damage.
The quasit barely misses you.
You barely miss the quasit.
The quasit is lightly wounded.
The quasit bites you.
* * * LOW HITPOINT WARNING * * *
The quasit claws you.
* * * LOW HITPOINT WARNING * * *
The quasit claws you but does no damage.
You closely miss the quasit. Your bite misses the quasit.
The quasit is lightly wounded.
The quasit misses you. The quasit claws you.
* * * LOW HITPOINT WARNING * * *
You feel clumsy.
The quasit claws you but does no damage.
The quasit barely misses you. The quasit closely misses you.
The quasit barely misses you.
Unknown command.
Unknown command.
You closely miss the quasit.
The quasit is lightly wounded.
A tentacled starspawn comes into view.
The quasit bites you but does no damage.
The quasit claws you.
You die...

# . .# #.. #..# #
.. ##....#.#
.####.# .
..#.##..#..# #.###
...#.....# # ...
#.#......# # . .
...#.5..#X# #.##.
#.#@....# .##
#.....##
##.#.....#...#....
###.. ...##....#
##. #..#...##
.....# .#.# ...#
.#..... #..##.#.#
#....#... .
#####.. ....##.. .
.#. ...# ##


You could see a tentacled starspawn (wandering) and a quasit.

Vanquished Creatures
  A lurking horror (Abyss:1)
1 creature vanquished.

Notes
Turn   | Place    | Note
-------+----------+-------------------------------------------
     0 | Abyss:1  | Gargoyl the Gnoll Abyssal Knight began the quest for the
                  | Orb.
     0 | Abyss:1  | Reached XP level 1. HP: 23/23 MP: 3/3
    48 | Abyss:1  | Found a corrupted altar of Lugonu.
    82 | Abyss:1  | Noticed a quasit
    83 | Abyss:1  | Gained mutation: Your magical capacity is low. (-10% MP)
                  | [potion of mutation]
    97 | Abyss:1  | HP: 1/23 [quasit (1)]
    99 | Abyss:1  | Noticed a tentacled starspawn
    99 | Abyss:1  | Slain by a quasit

Illustrated notes

Levels and vault maps discovered:
Abyss:1:  base: Temple, base: Temple, evilmike_abyss_exit_16, minivault_24

Action                   || total
-------------------------++-------
Melee: Hand axe          ||    14
       Bite              ||     1
  Use: Potion            ||     1
Armor: Leather armour    ||    21
Dodge: Dodged            ||    27

Table legend: (Time is in decaauts)
 A = Elapsed time spent in this place.
 B = Non-inter-level travel time spent in this place.
 C = Inter-level travel time spent in this place.
 D = Time resting spent in this place.
 E = Time spent auto-exploring this place.
 F = Levels seen in this place.
 G = Mean time per level.
                   A        B        C        D        E       F      G
               +--------+--------+--------+--------+--------+-----+--------+
         Total |     99 |     99 |      0 |      0 |     79 |   1 |   99.0 |
         Abyss |     99 |     99 |      0 |      0 |     79 |   1 |   99.0 |
               +--------+--------+--------+--------+--------+-----+--------+

Top non-repeatable levels by time:
 Abyss:1: 99 daAuts
